 Dungeon Crawl Stone Soup version 0.26.1-12-g5ba1501909 (webtiles) character file.

Game seed: 14143287053023387912

656 Zeld the Sneak (level 7, -2/46 HPs)
             Began as an Octopode Brigand on Oct 25, 2021.
             Slain by an adder (5 damage)
             ... on level 5 of the Dungeon.
             The game lasted 00:05:21 (4203 turns).

Zeld the Sneak (Octopode Brigand)                   Turns: 4203, Time: 00:05:22

Health: -2/46      AC:  1    Str: 10    XL:     7   Next: 55%
Magic:  7/7        EV: 11    Int: 13    God:
Gold:   89         SH:  0    Dex: 16    Spells: 6/6 levels left

rFire    + . .     SeeInvis .   a - +2 short sword (elec)
rCold    x . .     Faith    .   (no shield)
rNeg     . . .     Spirit   .   (helmet restricted)
rPois    .         Reflect  .   (no amulet)
rElec    .         Harm     .   h - ring of fire (curse)
rCorr    .         Rampage  .   (no ring)
Will     .....                  (no ring)
Stlth    +++++.....             (no ring)
HPRegen  0.15/turn              (no ring)
MPRegen  0.10/turn              (no ring)
                                (no ring)
                                (no ring)

@: lethally poisoned (-2 -> -5), constricted
A: almost no armour, stealthy swim, amphibious, 8 rings, constrict 8, camouflage
1, gelatinous body 1
a: no special abilities


You were on level 5 of the Dungeon.
You visited 1 branch of the dungeon, and saw 4 of its levels.
You also visited: Sewer.

You collected 89 gold pieces.

Inventory:

Hand Weapons
 a - a +2 short sword of electrocution (weapon)
Missiles
 b - 8 poisoned darts (quivered)
 c - 5 curare-tipped darts
Jewellery
 h - a cursed ring of fire (left tentacle)
 j - an uncursed ring of poison resistance {unknown}
Scrolls
 e - 2 scrolls of enchant weapon {unknown}
 g - 2 scrolls of identify {unknown}
 i - 3 scrolls of teleportation {unknown}
 k - a scroll of noise {unknown}
 l - a scroll of magic mapping {unknown}
 m - a scroll of enchant armour {unknown}
Potions
 d - a potion of curing {unknown}
 f - 3 potions of flight {unknown}
 n - a potion of magic {unknown}
 o - a potion of heal wounds {unknown}


   Skills:
 + Level 3.1 Fighting
 * Level 4.4 Short Blades
 * Level 4.4 Throwing
 + Level 2.7 Dodging
 * Level 7.9 Stealth


You had 6 spell levels left.
You didn't know any spells.
Your spell library was empty.

Dungeon Overview and Level Annotations

Branches:
Dungeon (5/15)              Sewer (visited)
 Temple: D:4-7

Altars:
Cheibriados


Innate Abilities, Weirdness & Mutations

You cannot wear most types of armour.
You are very stealthy in the water. (Stealth+)
You are amphibious.
You can wear up to eight rings at the same time.
You can use your tentacles to constrict eight enemies at once.
Your skin changes colour to match your surroundings (Stealth+).
Your rubbery body absorbs attacks. (AC +1, EV +1)


Message History

You release your grip on the worm.
The adder bites you. The ball python bites you. The ball python misses you.
You feel sick. The adder closely misses you. The worm bites you.
The adder closely misses you. The adder completely misses you.
You miss the adder. Your grab misses the adder. Your squeeze misses the adder.
You feel sick. The ball python bites you.
* * * LOW HITPOINT WARNING * * *
The ball python barely misses you. The rat barely misses you.
The adder misses you. The worm bites you.
* * * LOW HITPOINT WARNING * * *
The adder bites you but does no damage. The ball python bites you.
* * * LOW HITPOINT WARNING * * *
The ball python grabs you.
* * * LOW HITPOINT WARNING * * *
The ball python constricts you.
The ball python's grasp on you weakens, but your attempt to escape fails.
The adder bites you.
* * * LOW HITPOINT WARNING * * *
The adder bites you.
You die...

#. ..... .##
#.####.#.##..
#....(.....#
#..........#
#....≈≈≈...#
#..≈≈≈≈≈..#
#.r≈≈.≈≈..#
#SSw≈≈≈≈S.#
#.@.r≈≈...##
#.rS.......# ###
#.........?#...#
###.###.#....#
#.......##... ##
######..# .# #.
#..# #.#.##.
#..# #......
#..# #.


You could see a worm, 2 adders, a river rat, 2 ball pythons and 2 rats.

Vanquished Creatures
  An ogre (D:5)
  6 big kobolds (Sewer)
  6 adders
  3 oozes (Sewer)
  4 worms
  A dart slug (D:2)
  A leopard gecko (D:1)
  An orc (D:5)
  7 ball pythons
  3 bats (D:1)
  3 goblins
  9 hobgoblins
  12 jackals
  14 kobolds
  A quokka (D:3)
  3 frilled lizards
  7 rats
82 creatures vanquished.

Vanquished Creatures (others)
  2 plants (D:1)
2 creatures vanquished.

Grand Total: 84 creatures vanquished

Notes
Turn   | Place    | Note
-------+----------+-------------------------------------------
     0 | D:1      | Zeld the Octopode Brigand began the quest for the Orb.
     0 | D:1      | Reached XP level 1. HP: 14/14 MP: 1/1
   182 | D:1      | Reached XP level 2. HP: 5/19 MP: 2/2
   752 | D:1      | Reached XP level 3. HP: 21/24 MP: 3/3
  1611 | D:2      | Reached skill level 6 in Stealth
  1640 | D:2      | Reached XP level 4. HP: 22/29 MP: 4/4
  3000 | D:3      | You fall into a shaft and drop 2 floors!
  3000 | D:5      | Entered Level 5 of the Dungeon
  3011 | D:5      | Found a snail-covered altar of Cheibriados.
  3064 | D:5      | Noticed an ogre
  3066 | D:5      | Killed an ogre
  3067 | D:5      | Reached XP level 5. HP: 35/35 MP: 5/5
  3111 | D:5      | Found a glowing drain.
  3120 | Sewer    | Entered a sewer
  3492 | Sewer    | Noticed a big kobold
  3505 | Sewer    | Killed a big kobold
  3506 | Sewer    | Reached skill level 7 in Stealth
  3506 | Sewer    | Reached XP level 6. HP: 36/41 MP: 6/6
  3938 | Sewer    | Reached XP level 7. HP: 45/45 MP: 7/7
  4203 | D:5      | Slain by an adder

Illustrated notes

Levels and vault maps discovered:
D:1:      tarquinn_simple_flora_water_e, layout_rooms
D:2:      layout_basic
D:3:      wad_pebble_path, layout_basic, lemuel_blue_sif_altar, bloody_makhleb,
          grunt_ministairs_6
D:5:      layout_loops_corners, kennysheep_little_box, portal_sewer_entry_a

Skill      XL: |  1  2  3  4  5  6  7 |
---------------+----------------------+-----
Stealth        | 6 7 |  7.9
Short Blades   | 3 4 |  4.4
Throwing       | 3 4 |  4.4
Dodging        | 2 |  2.7
Fighting       | 3 |  3.1

Action                   |  1- 3 |  4- 6 |  7- 9 || total
-------------------------+-------+-------+-------++-------
Melee: Dagger            |    71 |    85 |       ||   156
       Constrict         |    12 |    18 |     5 ||    35
       Tentacles         |    12 |    19 |     1 ||    32
       Short sword       |       |     6 |    23 ||    29
 Stab: Sleeping          |     8 |    11 |     5 ||    24
       Distracted        |     1 |       |       ||     1
Armor: Skin              |     8 |     2 |     5 ||    15
Dodge: Dodged            |    56 |    40 |    19 ||   115
